Map: Dusk Towers

Players

Haspe

  • Race: Terran Terran
  • League: Grandmaster

HolyHit - Winner!

  • Race: Protoss Protoss
  • League: Master

Event: Gauntlet LotV Series 1 Qualifier 1

VOD

Have the link to the VOD?

Description

Time

  • Played on: Nov. 22, 2015, 3:23 p.m.
  • Length: 13:24

All games in this series

Show
View Real Time Build Order
Export as new Build Order

Haspe Terran 

Build Orders: Liberator Opening, MMM Bio 

Get SALT Encoding   

  12  0:00  SCV  
  13  0:13  SCV  
  14  0:17  Supply Depot  
  14  0:25  SCV  
  15  0:38  SCV  
  15  0:39  Barracks  
  16  0:44  Refinery  
  16  0:50  SCV  
  17  1:05  SCV  
  18  1:17  SCV  
  19  1:31  Barracks Reactor  
  19  1:32  Orbital Command  
  19  1:44  Command Center  
  19  1:55  Supply Depot  
  19  1:58  Refinery  
  19  2:01  SCV  
  20  2:07  Marine x2  
  22  2:13  SCV  
  23  2:21  Factory  
  23  2:25  SCV  
  23  2:29  Marine x2  
  26  2:37  SCV  
  27  2:45  Supply Depot  
  27  2:47  Marine x2  
  27  2:49  SCV  
  30  2:57  Orbital Command  
  30  3:01  SCV  
  31  3:05  Factory Tech Lab  
  31  3:13  Starport  
  31  3:14  SCV  
  32  3:24  SCV  
  32  3:26  SCV  
  34  3:29  Cyclone  
  37  3:35  Liberator, Marine x2  
  37  3:36  SCV  
  37  3:38  SCV  
  41  3:46  Supply Depot  
  41  3:48  SCV  
  41  3:51  SCV  
  41  3:54  Marine x2  
  47  4:00  SCV  
  48  4:03  SCV  
  49  4:12  Supply Depot, SCV  
  49  4:15  SCV  
  51  4:19  Widow Mine x2  
  51  4:20  Stimpack, Marine  
  56  4:25  SCV  
  56  4:27  SCV  
  58  4:33  Barracks  
  58  4:35  Barracks  
  58  4:37  SCV, Supply Depot  
  57  4:39  SCV, Supply Depot  
  57  4:42  Medivac  
  57  4:44  Marine  
  59  4:49  SCV  
  59  4:51  SCV  
  61  4:55  Widow Mine x2  
  65  5:01  SCV  
  65  5:03  SCV  
  65  5:04  Refinery  
  65  5:06  Engineering Bay  
  67  5:13  SCV  
  68  5:15  SCV, Supply Depot  
  71  5:21  Barracks Reactor, Barracks Tech Lab, Marauder  
  71  5:25  SCV  
  71  5:27  SCV  
  73  5:34  Missile Turret  
  73  5:38  Missile Turret  
  70  5:50  SCV x2  
  70  5:51  Terran Infantry Weapons Level 1, Combat Shields  
  70  5:52  Marauder  
  70  5:53  Marauder  
  76  5:57  Supply Depot, Refinery  
  76  5:59  Supply Depot, Marine x2  
  76  6:00  Medivac  
  76  6:01  Supply Depot  
  76  6:02  SCV x2, Medivac  
  84  6:18  SCV x2  
  84  6:21  Marauder x2, Barracks x2, Marine x2  
  84  6:23  Factory Reactor  
  92  6:28  Supply Depot  
  92  6:30  SCV x2  
  91  6:38  Marine  
  91  6:42  Marauder x2  
  95  6:52  Marine  
  95  6:53  SCV x2  
  96  6:56  Marine  
  96  6:58  Concussive Shells  
  96  6:59  Medivac x2  
  95  7:04  Marauder x2  
  95  7:05  SCV x2  
  99  7:17  SCV x2  
  99  7:21  Marine x2  
  103  7:25  Marauder x2  
  103  7:28  Command Center  
  103  7:29  SCV x2  
  109  7:35  Medivac x2  
  113  7:39  Marine x2  
  113  7:40  Barracks Tech Lab  
  115  7:44  Barracks Reactor  
  115  7:45  Terran Infantry Armor Level 1  
  115  7:46  Marauder  
  115  7:47  SCV, Marauder  
  115  7:48  SCV  
  121  7:57  Supply Depot x2, Marine x2  
  121  7:58  Marauder  
  125  8:08  Marauder  
  125  8:12  Marauder  
  121  8:19  Marauder  
  118  8:23  SCV x2  
  118  8:26  Marine x3  
  112  8:27  Medivac x2  
  112  8:29  Marauder  
  112  8:32  Armory, Engineering Bay  
  112  8:33  Marauder  
  114  8:34  Marine  
  114  8:35  SCV x2  
  114  8:40  Orbital Command  
  114  8:41  Marauder  
  118  8:43  Marine  
  118  8:47  SCV x2  
  121  8:49  Marine x2  
  121  8:51  Marauder  
  121  8:54  Marauder  
  127  9:02  Marauder, Medivac x2  
  133  9:10  Orbital Command  
  133  9:12  Marauder  
  133  9:16  Marauder  
  137  9:17  Supply Depot  
  137  9:19  Refinery  
  137  9:21  Refinery  
  137  9:23  Supply Depot  
  137  9:26  Terran Infantry Weapons Level 2  
  137  9:29  Marauder, Marine  
  138  9:33  Marauder  
  140  9:40  Marauder, Missile Turret, Marine x2  
  140  9:43  Marine  
  145  9:50  Marauder  
  147  9:53  Terran Infantry Armor Level 2  
  146  10:08  Marine x2  
  146  10:09  Marine, Marauder x2  
  117  10:22  Marine  
  117  10:23  Medivac, Marauder  
  117  10:24  Widow Mine x2, Medivac  
  117  10:26  Marine x2  
  126  10:29  Marine  
  126  10:30  Marauder x2  
  126  10:40  Marine  
  125  10:44  Marauder, Marine x2  
  125  10:47  Barracks  
  125  10:48  Barracks  
  125  10:49  Supply Depot, Barracks  
  127  10:50  Supply Depot  
  127  10:51  Marauder  
  127  10:52  Marauder  
  127  10:57  Medivac x2  
  127  10:58  Marine x2  
  127  11:00  Widow Mine x2  
  137  11:05  Marauder  
  137  11:09  Supply Depot  
  139  11:13  Marine x2, Marauder x2  
  104  11:27  Marauder  
  104  11:29  Widow Mine, Marine x2  
  104  11:30  Widow Mine  
  104  11:31  Medivac x2, Marine  
  107  11:34  Marauder x2  
  107  11:44  Marine  
  107  11:45  Barracks Tech Lab x3  
  104  11:48  Marauder  
  104  11:52  Marine x2  
  106  11:56  Marauder x2  
  106  11:58  Widow Mine  
  106  11:59  Widow Mine  
  106  12:00  Marine  
  101  12:02  SCV x2  
  101  12:03  SCV  
  101  12:06  Marine  
  90  12:10  Marauder  
  90  12:12  Orbital Command  
  77  12:17  Marauder x3  
  77  12:21  Marine  
  75  12:27  Marine  
  76  12:31  Marauder  
  76  12:35  Marine  
  78  12:38  Marauder  
  78  12:41  Marine  
  81  12:44  Orbital Command  
  81  12:46  Marine  
Show
View Real Time Build Order
Export as new Build Order

HolyHit Protoss - Winner!

Build Orders: 1 Gate Expand, Oracle Opening 

Get SALT Encoding   

  12  0:03  Probe (Chrono Boost)  
  13  0:13  Probe (Chrono Boost)  
  14  0:19  Pylon  
  14  0:24  Probe (Chrono Boost)  
  15  0:37  Probe (Chrono Boost)  
  15  0:38  Gateway  
  16  0:47  Assimilator  
  16  0:48  Probe (Chrono Boost)  
  17  0:59  Probe (Chrono Boost)  
  18  1:09  Probe (Chrono Boost)  
  19  1:20  Probe (Chrono Boost)  
  19  1:22  Nexus  
  20  1:30  Probe (Chrono Boost)  
  21  1:36  Cybernetics Core  
  21  1:41  Probe (Chrono Boost)  
  21  1:46  Assimilator  
  22  1:51  Probe (Chrono Boost)  
  23  1:56  Pylon  
  23  2:13  Warp Gate  
  23  2:14  Mothership Core (Chrono Boost), Adept  
  27  2:33  Probe (Chrono Boost)  
  27  2:35  Probe (Chrono Boost)  
  29  2:43  Probe (Chrono Boost)  
  30  2:45  Probe (Chrono Boost)  
  30  2:47  Stargate  
  30  2:48  Pylon  
  31  2:52  Stalker  
  31  2:54  Probe (Chrono Boost)  
  31  2:56  Probe (Chrono Boost)  
  35  3:01  Assimilator  
  35  3:04  Probe (Chrono Boost)  
  36  3:06  Probe (Chrono Boost)  
  37  3:15  Probe (Chrono Boost)  
  37  3:17  Probe (Chrono Boost)  
  39  3:25  Probe (Chrono Boost)  
  40  3:27  Probe (Chrono Boost)  
  40  3:32  Oracle  
  44  3:36  Probe (Chrono Boost)  
  44  3:37  Robotics Facility  
  44  3:38  Probe (Chrono Boost)  
  46  3:46  Probe (Chrono Boost)  
  48  3:48  Probe (Chrono Boost)  
  48  3:53  Stalker  
  50  3:57  Probe (Chrono Boost), Assimilator  
  50  3:58  Pylon  
  50  3:59  Probe (Chrono Boost)  
  52  4:05  Pylon  
  52  4:07  Probe (Chrono Boost)  
  52  4:09  Probe (Chrono Boost)  
  54  4:16  Phoenix  
  56  4:18  Probe (Chrono Boost)  
  56  4:20  Probe (Chrono Boost)  
  56  4:24  Observer  
  58  4:31  Nexus  
  58  4:33  Probe (Chrono Boost), Pylon  
  58  4:34  Probe (Chrono Boost)  
  60  4:42  Phoenix  
  60  4:43  Probe (Chrono Boost)  
  60  4:44  Probe (Chrono Boost)  
  64  4:51  Immortal (Chrono Boost)  
  68  5:03  Sentry  
  68  5:04  Gateway  
  68  5:06  Gateway, Probe  
  71  5:07  Pylon  
  71  5:08  Probe  
  71  5:13  Phoenix  
  72  5:18  Probe  
  72  5:20  Probe  
  76  5:31  Probe  
  76  5:32  Probe  
  76  5:35  Phoenix  
  82  5:43  Probe, Warp Prism (Chrono Boost)  
  82  5:44  Probe, Robotics Bay  
  82  5:45  Probe  
  82  5:47  Gateway  
  85  5:51  Stalker  
  85  5:55  Probe x2  
  90  5:57  Probe  
  90  6:03  Phoenix  
  89  6:17  Twilight Council  
  89  6:18  Gateway, Forge  
  89  6:19  Forge  
  89  6:23  Pylon  
  89  6:24  Pylon  
  89  6:25  Probe x2, Phoenix  
  91  6:29  Stalker x2, Probe  
  98  6:37  Probe  
  96  6:43  Probe  
  96  6:44  Probe  
  81  6:49  Probe  
  81  6:52  Photon Cannon  
  81  6:53  Probe  
  82  6:54  Phoenix  
  82  6:56  Probe  
  87  7:01  Probe  
  87  7:04  Probe  
  87  7:07  Disruptor (Chrono Boost)  
  87  7:08  Probe, Protoss Ground Weapons Level 1, Protoss Ground Armor Level 1  
  91  7:13  Probe  
  93  7:16  Phoenix  
  93  7:20  Probe  
  93  7:21  Probe  
  97  7:23  Assimilator  
  97  7:25  Charge  
  97  7:28  Assimilator  
  97  7:29  Photon Cannon  
  97  7:31  Fleet Beacon  
  97  7:37  Zealot x3  
  102  7:47  Disruptor (Chrono Boost)  
  102  7:48  Probe  
  102  7:49  Probe  
  102  7:51  Adept x2  
  111  7:52  Probe  
  112  8:00  Probe, Zealot x2  
  117  8:05  Pylon  
  117  8:08  Phoenix  
  101  8:23  Adept x4  
  97  8:30  Phoenix  
  97  8:33  Disruptor (Chrono Boost)  
  102  8:43  Zealot  
  102  8:44  Sentry, Zealot x2  
  102  8:45  Sentry, Nexus  
  112  8:52  Phoenix  
  114  8:58  Pylon  
  114  9:06  Disruptor (Chrono Boost)  
  117  9:11  Protoss Ground Armor Level 2  
  117  9:12  Protoss Ground Weapons Level 2  
  117  9:13  Zealot x3, Phoenix  
  124  9:31  Photon Cannon  
  124  9:34  Sentry  
  124  9:35  Phoenix, Photon Cannon  
  124  9:37  Photon Cannon  
  126  9:42  Zealot  
  130  9:52  Probe x2, Pylon  
  132  9:58  Colossus (Chrono Boost)  
  138  10:05  Zealot x5  
  115  10:30  Phoenix  
  117  10:44  Disruptor (Chrono Boost)  
  120  10:50  Nexus  
  120  10:52  Phoenix  
  120  10:58  Zealot x5  
  130  11:04  Photon Cannon  
  130  11:05  Extended Thermal Lance  
  130  11:07  Photon Cannon  
  128  11:19  Colossus (Chrono Boost)  
  128  11:27  Zealot x2  
  132  11:38  Zealot x3  
  119  11:49  Zealot x2  
  119  12:00  Stalker x2  
  119  12:01  Stalker x3  
  119  12:05  Colossus (Chrono Boost)  
  109  12:23  Probe  
  109  12:25  Assimilator  
  109  12:27  Zealot x2  
  109  12:28  Zealot x2  
  118  12:30  Assimilator  
  118  12:39  Zealot, Robotics Facility  
  120  12:47  Phoenix  
  120  12:48  Zealot x4  
  130  12:52  Disruptor (Chrono Boost)  
  127  13:03  Zealot  
  119  13:11  Stalker x4  
Tags
 
Add a new tag
Caveats
  • Supply blocks, unpowered buildings, or Contaminate may cause inaccurate times.
  • Supply counts are checked every 10 seconds.